Map: Lerilak Crest

Players

Bakemonoda - Winner!

  • Race: Terran Terran
  • League: Master

험상궂은손님

  • Race: Terran Terran
  • League: Diamond

VOD

https://www.youtube.com/watch?v=dv6YrWxUdSY&feature=youtu.be

Description

Time

  • Played on: Oct. 29, 2015, 5:07 a.m.
  • Length: 6:49
Show
View Real Time Build Order
Export as new Build Order

Bakemonoda Terran - Winner!

Build Orders: 1/1/1, Hellion Banshee 

Get SALT Encoding   

  12  0:01  SCV  
  13  0:13  SCV  
  14  0:17  Supply Depot  
  14  0:25  SCV  
  15  0:31  Refinery  
  15  0:41  Barracks  
  15  0:45  SCV  
  16  0:55  Refinery  
  16  0:57  SCV  
  17  1:09  SCV  
  18  1:21  SCV  
  19  1:28  Reaper  
  20  1:38  Factory  
  21  1:48  Orbital Command  
  21  1:50  Supply Depot  
  20  2:00  Reaper  
  21  2:20  SCV  
  22  2:23  Hellion  
  22  2:25  Starport  
  22  2:29  Supply Depot  
  24  2:33  Reaper  
  25  2:38  SCV  
  26  2:47  Hellion  
  26  2:50  SCV  
  29  3:11  Reaper  
  29  3:12  Hellion, Medivac  
  32  3:25  SCV  
  33  3:37  Command Center  
  33  3:38  Hellion  
  33  3:39  SCV  
  36  3:43  Supply Depot  
  36  3:49  Starport Tech Lab  
  36  3:50  Reaper  
  36  3:52  SCV  
  38  4:10  Banshee  
  38  4:11  Cloaking Field  
  38  4:13  Hellion  
  39  4:32  Reaper  
  39  4:33  SCV  
  39  4:37  Command Center  
  43  4:46  Hellion  
  43  4:48  SCV  
  43  4:52  Orbital Command  
  44  4:56  Raven  
  46  5:08  Hellion  
  46  5:09  Reaper  
  49  5:20  SCV  
  49  5:21  SCV  
  51  5:30  Factory  
  51  5:31  Factory  
  51  5:33  SCV x2  
  49  5:45  SCV  
  49  5:48  Hellion  
  49  5:49  Reaper  
  52  5:50  Viking  
  52  5:54  Orbital Command  
  52  5:56  SCV  
  56  5:57  SCV  
  52  6:09  SCV x2  
  52  6:10  Hellion  
Show
View Real Time Build Order
Export as new Build Order

험상궂은손님 Terran 

Build Orders: Reaper Expand 

Get SALT Encoding   

  12  0:00  SCV  
  13  0:13  SCV  
  14  0:17  Supply Depot  
  14  0:25  SCV  
  15  0:39  SCV  
  15  0:41  Barracks  
  16  0:45  Refinery  
  16  0:51  SCV  
  17  1:03  SCV  
  18  1:15  SCV  
  19  1:29  Orbital Command  
  19  1:30  Reaper  
  20  1:43  Command Center  
  20  1:53  Supply Depot  
  20  1:54  SCV  
  20  2:01  Refinery  
  21  2:03  Barracks Reactor  
  21  2:06  SCV  
  22  2:18  SCV  
  23  2:25  Factory  
  23  2:31  SCV  
  24  2:39  Marine x2  
  24  2:43  SCV  
  27  2:46  Supply Depot  
  27  2:55  SCV  
  28  3:00  Orbital Command  
  28  3:01  Marine x2  
  30  3:10  Hellion  
  29  3:14  SCV  
  29  3:17  Starport  
  29  3:20  Marine x2  
  29  3:21  Orbital Command  
  31  3:31  Hellion  
  33  3:38  Marine x2  
  35  3:49  Orbital Command  
  35  3:50  SCV  
  35  3:54  Medivac  
  40  3:56  Barracks  
  40  3:58  Barracks  
  36  4:10  SCV  
  36  4:12  Barracks Tech Lab  
  36  4:14  Hellion x2  
  41  4:17  Engineering Bay  
  35  4:32  Concussive Shells, Marauder  
  35  4:33  Viking  
  35  4:36  Hellion x2  
  43  4:45  Barracks Tech Lab  
  43  4:47  Barracks Tech Lab  
  43  4:49  SCV  
  44  4:53  Marauder  
  44  4:55  Terran Infantry Weapons Level 1, Supply Depot  
  44  4:58  Hellion  
  48  5:06  Hellion  
  46  5:13  Marauder x2  
  50  5:21  Missile Turret  
  50  5:28  Marauder  
  42  5:46  Viking  
  42  5:49  Hellion x2  
  46  5:59  Marauder  
Tags
 
Add a new tag
Caveats
  • Supply blocks, unpowered buildings, or Contaminate may cause inaccurate times.
  • Supply counts are checked every 10 seconds.